 Dungeon Crawl Stone Soup version 0.24-a0-504-gcfb02b9d07 (webtiles) character file.

Game seed: 750953722897557163

156285 Burgietje the Severer (level 17, 0/116 HPs)
             Began as a Gargoyle Fighter on July 17, 2019.
             Was the Champion of Okawaru.
             Incinerated by Azrael (2 damage)
             ... with a sticky flame
             ... on level 14 of the Dungeon.
             The game lasted 01:03:55 (27510 turns).

Burgietje the Severer (Gargoyle Fighter)           Turns: 27510, Time: 01:03:56

Health: 0/116      AC: 22    Str: 35    XL:     17   Next: 67%
Magic:  22/22      EV: 14    Int: 12    God:    Okawaru [******]
Gold:   2505       SH: 15    Dex: 10    Spells: 16/16 levels left

rFire    . . .     SeeInvis +   i - +10 broad axe "Doaguj" {freeze, Str+2}
rCold    x . .     Gourm    .   N - +5 shield {reflect}
rNeg     + . .     Faith    .   b - +1 ring mail of Good Intentions {Slay+3}
rPois    ∞         Spirit   .   P - +2 hat {SInv}
rElec    +         Reflect  +   h - scarf {repulsion}
rCorr    +         Harm     .   Q - -3 pair of gloves of Freedom {Dex+2}
MR       +++..                  F - +2 pair of boots "Qagio" {rPois Str+4 SInv}
Stlth    ..........             H - amulet of regeneration
HPRegen  0.69/turn              Y - ring of Asch {rElec rC- MR+ rCorr Str+6}
MPRegen  0.18/turn              G - ring of protection from magic

@: liquid flames, glowing, repel missiles
A: big wings, blurry vision 2, clumsy 1, low mp 1, negative energy resistance 1,
electricity resistance, unbreathing, petrification resistance, rot immunity, AC
+12
a: Fly, Heroism, Finesse, Renounce Religion


You were on level 14 of the Dungeon.
You worshipped Okawaru.
Okawaru was exalted by your worship.
You were not hungry.

You visited 5 branches of the dungeon, and saw 25 of its levels.
You also visited: Ossuary and Volcano.

You collected 3180 gold pieces.
You spent 675 gold pieces at shops.

Inventory:

Hand Weapons
 i - the +10 broad axe "Doaguj" (weapon) {freeze, Str+2}
   (Okawaru gifted it to you on level 10 of the Dungeon)

   It has been specially enchanted to freeze those struck by it, causing extra
   injury to most foes and up to half again as much damage against particularly
   susceptible opponents.
   It can also slow down cold-blooded creatures.
   It affects your strength (+2).
 T - a +7 war axe of electrocution
 W - the cursed +2 long sword of Valiance {holy, *Slow rPois rC+ Str+7}
   (You found it on level 6 of the Lair of Beasts)

   It has been blessed by the Shining One to cause great damage to the undead
   and demons.
   It affects your strength (+7).
   It protects you from cold.
   It protects you from poison.
   It may slow you when you take damage.
   It has a curse placed upon it.
Missiles
 m - 3 boomerangs of dispersal
 M - 19 silver javelins (quivered)
Armour
 b - the +1 ring mail of Good Intentions (worn) {Slay+3}
   (You found it in a volcano)

   It affects your accuracy and damage with ranged weapons and melee attacks
   (+3).
 h - a scarf of repulsion (worn)
 F - the +2 pair of boots "Qagio" (worn) {rPois Str+4 SInv}
   (You found it on level 7 of the Dungeon)

   It affects your strength (+4).
   It protects you from poison.
   It lets you see invisible.
 N - a +5 shield of reflection (worn)
 P - a +2 hat of see invisible (worn)
 Q - the -3 pair of gloves of Freedom (worn) {Dex+2}
   (Okawaru gifted it to you on level 2 of the Orcish Mines)

   It affects your dexterity (+2).
 U - a scarf of cloud immunity
Jewellery
 j - an uncursed ring of protection from cold
 x - an uncursed amulet of faith {unknown}
 G - a ring of protection from magic (right hand)
 H - an amulet of regeneration (around neck)
 Y - the ring of Asch (left hand) {rElec rC- MR+ rCorr Str+6}
   (You found it on level 3 of the Lair of Beasts)

   [ring of resist corrosion]

   It affects your strength (+6).
   It makes you vulnerable to cold.
   It insulates you from electricity.
   It affects your resistance to hostile enchantments.
   It provides partial protection from all sources of acid and corrosion.
Wands
 a - a wand of paralysis (8)
 d - a wand of digging (22)
 r - a wand of enslavement (27)
 w - a wand of iceblast (23)
 y - a wand of acid (9)
Scrolls
 c - a scroll of blinking
 k - 2 scrolls of enchant armour
 p - 15 scrolls of remove curse
 t - 3 scrolls of magic mapping
 B - 2 scrolls of fog
 D - 7 scrolls of amnesia
 I - 2 scrolls of identify
 J - a scroll of torment
 K - a scroll of vulnerability
 L - a scroll of brand weapon {unknown}
 O - 2 scrolls of teleportation
 V - 2 scrolls of fear
 X - 5 scrolls of immolation
Potions
 e - 10 potions of brilliance
 g - 6 potions of might
 l - 3 potions of heal wounds
 o - 11 potions of curing
 q - 4 potions of resistance
 s - 6 potions of agility
 u - 7 potions of lignification
 v - 10 potions of mutation
 z - 6 potions of cancellation
 A - 3 potions of haste
 C - 2 potions of magic
 E - 3 potions of ambrosia
 R - 3 potions of invisibility
Miscellaneous
 S - a box of beasts
Comestibles
 f - 37 rations
 n - 25 chunks of flesh


   Skills:
 + Level 16.3 Fighting
 - Level 18.2 Axes
 - Level 3.2 Armour
 + Level 12.4 Dodging
 - Level 3.2 Shields
 - Level 11.3 Invocations


You had 16 spell levels left.
You didn't know any spells.
Your spell library contained the following spells:

 Spells                   Type           Power        Failure   Level  Hunger
 Beastly Appendage        Tmut           #.....       90%         1    ##.....
 Infusion                 Chrm           #...         90%         1    ##.....
 Magic Dart               Conj           #...         90%         1    ##.....
 Blink                    Tloc           N/A          97%         2    ###....
 Call Imp                 Summ           #.......     97%         2    ###....
 Shroud of Golubria       Chrm/Tloc      #.....       97%         2    ###....
 Slow                     Hex            #.......     97%         2    ###....
 Song of Slaying          Chrm           #.......     97%         2    ###....
 Sticks to Snakes         Tmut           #.......     97%         2    ###....
 Conjure Flame            Conj/Fire      #.......     99%         3    ####...
 Mephitic Cloud           Conj/Pois/Air  #.......     99%         3    ####...
 Regeneration             Chrm/Necr      #.........   99%         3    ####...
 Spectral Weapon          Hex/Chrm       #.......     99%         3    ####...
 Spider Form              Tmut/Pois      #.........   99%         3    ####...
 Ice Form                 Ice/Tmut       #.......     100%        4    #####..
 Blade Hands              Tmut           #.........   100%        5    ######.
 Metabolic Englaciation   Hex/Ice        #.........   100%        5    ######.
 Bolt of Cold             Conj/Ice       #.........   100%        6    #######
 Freezing Cloud           Conj/Ice/Air   #.........   100%        6    #######
 Ozocubu's Refrigeration  Ice            #.........   100%        6    #######
 Simulacrum               Ice/Necr       #.........   100%        6    #######


Dungeon Overview and Level Annotations

Branches:
Dungeon (14/15) Temple (1/1) D:4 Lair (6/6) D:9 Swamp (0/4) Lair:2 Spider (0/4) Lair:3 Slime (0/5) Lair:6 Orc (2/2) D:10 Elf (2/3) Orc:2 Vaults (0/5) D:13 D:14

Altars:
Ashenzari
Cheibriados
Dithmenos
Elyvilon
Fedhas
Gozag
Hepliaklqana
Kikubaaqudgha
Makhleb
Nemelex Xobeh
Okawaru
Qazlal
Ru
Sif Muna
Trog
Uskayaw
Vehumet
Wu Jian
Xom
Yredelemnul
Zin
The Shining One
Jiyva

Shops:
Orc:2 !((%   Elf:2 }=}*

Annotations:
D:14 Azrael
Lair:2 exclusion: 4 oklob plants
Lair:6 1 runed translucent door


Innate Abilities, Weirdness & Mutations

You are resistant to torment.
Your stone body is resilient. (AC +12)
You are immune to poison.
Your large and strong wings let you fly indefinitely.
You resist negative energy. (rN+)
You are resistant to electric shocks. (rElec)
You can survive without breathing.
You are immune to petrification.
You are immune to rotting.
Scrolls take you longer to read.
You are clumsy. (Dex -2)
Your magical capacity is low. (-10% MP)


Message History

You are covered in liquid flames!
You slice Azrael!! You freeze Azrael!
Azrael is heavily wounded.
You are covered in liquid flames!
You block Azrael's attack.
You hit Azrael. You freeze Azrael.
Azrael is heavily wounded.
You are covered in liquid flames!
Azrael gestures at you.
The sphere of damnation explodes!
The damnation engulfs you!!!
* * * LOW HITPOINT WARNING * * *
The damnation engulfs Azrael.
Azrael completely resists.
You barely miss Azrael.
Azrael is heavily wounded.
You are covered in liquid flames!
* * * LOW HITPOINT WARNING * * *
You slice Azrael!! You freeze Azrael!
Azrael is almost dead.
You are covered in liquid flames!
You die...

...###............##
...###..####.......#
#..†...............#
..)###..####.......##
#..###..####.÷......#
.................#..#
....########..#[##
......# #..#††#
.##.#.######..##@#
.#..#^....##....R...#
..#.#.....##..?.....#
.#........###.##.##.#
.####.....# #. #.# .#
..........# # ..# #
########### .## ####
. ...#


You could see Azrael.

Vanquished Creatures
  Jorgrun (D:13)
  4 tentacled monstrosities (Elf:2)
  The ghost of motoroller71 the Nimble, an adept GnFi of Makhleb (Elf:2)
  Gastronok (Lair:1)
  Louise (D:14)
  An orc warlord (Orc:1)
  A cacodemon (Elf:2)
  2 entropy weavers (Lair:4)
  Nessos (D:14)
  A minotaur (D:11)
  Snorg (D:13)
  An ettin (shapeshifter) (Elf:2)
  A fire dragon (Volcano)
  Erolcha (D:9)
  The ghost of icckedyourdad the Eclecticist, a journeyman SpEE (Lair:3)
  9 hydras
  Erica (Lair:1)
  A catoblepas (D:12)
  9 two-headed ogres
  2 centaur warriors (D:13)
  A tengu warrior (D:13)
  A queen ant (Lair:4)
  The ghost of lavawurm the Cleaver, a journeyman GrFi of Makhleb (D:11)
  A hell hog (Volcano)
  13 dancing weapons
  5 orc high priests
  12 deep elf knights
  4 skeletal warriors (D:13)
  2 unseen horrors
  9 deep elf archers
  5 orc knights
  A swamp dragon (Lair:2)
  5 orc sorcerers
  28 deep elf magi
  An oklob plant (Lair:4)
  2 manticores
  A cyclops (D:7)
  10 elephants
  Joseph (D:9)
  6 black mambas
  Maurice (D:12)
  A torpor snail (Lair:4)
  2 molten gargoyles (Volcano)
  22 spiny frogs
  2 gargoyles
  3 rime drakes
  A tengu conjurer (D:13)
  An efreet (D:13)
  9 komodo dragons
  9 trolls
  A queen bee (Lair:2)
  4 polar bears
  4 tyrant leeches (Lair:6)
  A hornet (D:9)
  24 blink frogs
  11 dream sheep (Lair:6)
  15 hippogriffs
  7 large abominations (Elf:2)
  A centaur simulacrum (D:14)
  3 wraiths
  2 air elementals
  17 humans
  4 wyverns
  A shadow (D:13)
  4 fire elementals
  2 water elementals (Elf:1)
  8 fire bats (Volcano)
  2 golden eyes (shapeshifter) (Elf:2)
  32 yaks
  8 basilisks
  13 vampire mosquitoes
  A steam dragon (Volcano)
  Grum (Lair:1)
  3 hogs (D:7)
  2 hungry ghosts
  7 wargs
  30 water moccasins
  A warg (shapeshifter) (Elf:2)
  23 soldier ants (Lair:4)
  4 hell hounds
  A soldier ant (shapeshifter) (Elf:2)
  6 porcupines
  24 orc warriors
  A sky beast (shapeshifter) (Elf:2)
  An eye of draining (D:9)
  2 ice beasts
  8 sky beasts
  A black bear (D:9)
  3 phantoms
  11 ogres
  14 wolves
  11 centaurs
  14 crocodiles
  A big kobold (D:12)
  31 bullfrogs
  2 elf skeletons (D:5)
  2 earth elementals
  A wyvern zombie (D:14)
  5 scorpions
  A water moccasin skeleton (D:5)
  42 killer bees
  8 wights
  3 electric eels
  5 howler monkeys (D:13)
  3 lava snakes (Volcano)
  5 crimson imps
  A jelly (shapeshifter) (Elf:2)
  A quasit (D:8)
  A bullfrog zombie (D:8)
  8 hounds
  4 jellies
  4 centaur skeletons
  A centaur zombie (D:12)
  14 orc priests
  A bullfrog skeleton (D:8)
  2 human skeletons (D:5)
  Jessica (D:2)
  3 iguanas
  20 orc wizards
  7 hell rats (Lair:4)
  35 worker ants
  A hound skeleton (D:4)
  8 mummies (Ossuary)
  2 howler monkey zombies
  A worker ant zombie (D:7)
  8 gnolls
  A howler monkey skeleton (D:7)
  23 adders
  2 river rats (Lair:2)
  3 shadow imps
  A worm (D:3)
  An adder zombie (D:3)
  A dart slug (D:1)
  7 leopard geckos
  A leopard gecko (shapeshifter) (Elf:2)
  63 orcs
  5 bats
  10 giant cockroaches
  2 gnoll zombies (Ossuary)
  4 goblins
  5 hobgoblins
  6 jackals
  2 quokkas
  2 frilled lizards (D:2)
  3 hobgoblin zombies (Ossuary)
  8 kobolds
  2 kobold zombies (Ossuary)
  A leopard gecko skeleton (D:5)
  2 orc skeletons (D:5)
  An orc zombie (Ossuary)
  A quokka skeleton (D:7)
  A quokka zombie (D:5)
  8 rats
  4 fungi
  6 plants
942 creatures vanquished.

Vanquished Creatures (others)
  2 deep elf knights (Elf:1)
  A cyclops (D:14)
  2 centaurs
  A bush (D:7)
  19 fungi
  46 plants
71 creatures vanquished.

Grand Total: 1013 creatures vanquished

Notes
Turn   | Place    | Note
-------+----------+-------------------------------------------
     0 | D:1      | Burgietje the Gargoyle Fighter began the quest for the Orb.
     0 | D:1      | Reached XP level 1. HP: 14/14 MP: 1/1
    40 | D:1      | Reached skill level 2 in Axes
    44 | D:1      | Reached XP level 2. HP: 19/19 MP: 2/2
   314 | D:1      | Reached XP level 3. HP: 24/24 MP: 3/3
   643 | D:2      | Noticed Jessica
   646 | D:2      | Killed Jessica
   686 | D:2      | Reached XP level 4. HP: 30/30 MP: 4/4
   727 | D:2      | Found a basalt altar of Yredelemnul.
   730 | D:2      | Found a glowing silver altar of Zin.
   730 | D:2      | Found an ornate altar of the Wu Jian Council.
   744 | D:2      | Reached skill level 3 in Axes
  1146 | D:2      | Found a deep blue altar of Sif Muna.
  1542 | D:3      | Found an iron altar of Okawaru.
  1559 | D:3      | Became a worshipper of Warmaster Okawaru
  1688 | D:3      | Reached XP level 5. HP: 17/34 MP: 5/5
  1696 | D:3      | Reached skill level 5 in Fighting
  2621 | D:4      | Noticed a phantom
  2641 | D:4      | Killed a phantom
  2641 | D:4      | Reached skill level 4 in Axes
  2641 | D:4      | Reached XP level 6. HP: 41/41 MP: 6/6
  2858 | D:4      | Reached * piety under Okawaru
  2860 | D:4      | Reached XP level 7. HP: 37/47 MP: 7/7
  3005 | D:4      | Noticed a two-headed ogre
  3014 | D:4      | Killed a two-headed ogre
  3014 | D:4      | Reached ** piety under Okawaru
  3014 | D:4      | Reached skill level 6 in Axes
  3014 | D:4      | Reached XP level 8. HP: 10/54 MP: 8/8
  3350 | D:4      | Found a staircase to the Ecumenical Temple.
  3377 | Temple   | Entered the Ecumenical Temple
  3666 | D:4      | Found a burning altar of Makhleb.
  3914 | D:5      | Entered Level 5 of the Dungeon
  4044 | D:5      | Reached *** piety under Okawaru
  4134 | D:5      | Reached skill level 7 in Axes
  4164 | D:5      | Found a sand-covered staircase.
  4179 | Ossuary  | Entered an ossuary
  4460 | D:5      | Reached XP level 9. HP: 59/60 MP: 9/9
  4580 | D:5      | Found an ancient bone altar of Kikubaaqudgha.
  4582 | D:5      | Found a blossoming altar of Fedhas.
  4907 | D:5      | Found an opulent altar of Gozag.
  4907 | D:5      | Found a shadowy altar of Dithmenos.
  5233 | D:6      | Reached **** piety under Okawaru
  5233 | D:6      | Reached skill level 8 in Axes
  5392 | D:6      | Reached skill level 10 in Fighting
  6042 | D:7      | Got a pair of brightly glowing boots
  6068 | D:7      | Identified the +2 pair of boots "Qagio" {rPois Str+4 SInv}
                  | (You found it on level 7 of the Dungeon)
  6154 | D:7      | Reached skill level 9 in Axes
  6158 | D:7      | Reached XP level 10. HP: 49/69 MP: 10/10
  6278 | D:7      | Reached skill level 1 in Invocations
  6281 | D:7      | Noticed a cyclops
  6308 | D:7      | Killed a cyclops
  6586 | D:7      | Reached ***** piety under Okawaru
  7117 | D:8      | Reached skill level 10 in Axes
  7161 | D:8      | Found a stormy altar of Qazlal.
  7254 | D:8      | Found a sacrificial altar of Ru.
  7302 | D:8      | Noticed a two-headed ogre
  7317 | D:8      | Killed a two-headed ogre
  7317 | D:8      | Reached skill level 5 in Invocations
  7566 | D:8      | Received a gift from Okawaru
  7749 | D:8      | Found a sparkling altar of Nemelex Xobeh.
  8269 | D:9      | Found a snail-covered altar of Cheibriados.
  8285 | D:9      | Reached XP level 11. HP: 63/74 MP: 16/16
  8288 | D:9      | Noticed Joseph
  8310 | D:9      | Killed Joseph
  8515 | D:9      | Noticed a two-headed ogre
  8516 | D:9      | Reached skill level 11 in Axes
  8528 | D:9      | Killed a two-headed ogre
  8559 | D:9      | Found a staircase to the Lair.
  8970 | D:9      | Noticed Erolcha
  8987 | D:9      | Killed Erolcha
  9538 | D:10     | Entered Level 10 of the Dungeon
  9632 | D:10     | Found a staircase to the Orcish Mines.
 10225 | D:10     | Reached skill level 12 in Axes
 10629 | D:10     | Noticed a two-headed ogre
 10641 | D:10     | Killed a two-headed ogre
 10641 | D:10     | Received a gift from Okawaru
 10641 | D:10     | Reached skill level 10 in Invocations
 10641 | D:10     | Reached XP level 12. HP: 26/80 MP: 17/19
 10653 | D:10     | Got a faintly glowing broad axe {god gift}
 10894 | D:10     | Identified the +10 broad axe "Doaguj" {freeze, Str+2}
                  | (Okawaru gifted it to you on level 10 of the Dungeon)
 11320 | D:11     | Found a runed translucent gate.
 11321 | D:11     | Found a runed translucent gate.
 11322 | D:11     | Found a runed translucent gate.
 11325 | D:11     | Noticed a minotaur
 11327 | D:11     | Noticed lavawurm's ghost (journeyman GrFi)
 11390 | D:11     | Killed lavawurm's ghost
 11393 | D:11     | Killed a minotaur
 12101 | D:12     | Noticed Maurice
 12114 | D:12     | Killed Maurice
 12114 | D:12     | Reached skill level 13 in Axes
 12616 | D:13     | Noticed a catoblepas
 12758 | D:13     | Noticed a tengu warrior
 12766 | D:12     | Killed a catoblepas
 12766 | D:12     | Received a gift from Okawaru
 12794 | D:13     | Noticed Jorgrun
 12796 | D:13     | Killed a tengu warrior
 12818 | D:13     | Killed Jorgrun
 12818 | D:13     | Reached skill level 14 in Axes
 12958 | D:13     | Noticed a centaur warrior
 13053 | D:13     | Noticed a centaur warrior
 13133 | D:12     | Reached XP level 13. HP: 84/84 MP: 21/21
 13197 | Lair:1   | Entered Level 1 of the Lair of Beasts
 13228 | Lair:1   | Noticed Erica
 13230 | Lair:1   | Noticed Grum
 13236 | Lair:1   | Killed Erica
 13243 | Lair:1   | Killed Grum
 13575 | Lair:1   | Noticed Gastronok
 13587 | Lair:1   | Killed Gastronok
 13587 | Lair:1   | Reached skill level 15 in Axes
 13616 | Lair:1   | Reached ****** piety under Okawaru
 14375 | Lair:2   | Received a gift from Okawaru
 14424 | Lair:2   | Found a staircase to the Swamp.
 14538 | Lair:2   | Found a sparkling altar of Nemelex Xobeh.
 14722 | Lair:2   | Reached skill level 16 in Axes
 15694 | Lair:3   | Found a hole to the Spider Nest.
 15799 | Lair:3   | Gained mutation: Your large and strong wings let you fly
                  | indefinitely. [Gargoyle growth]
 15799 | Lair:3   | Reached XP level 14. HP: 87/90 MP: 22/22
 16069 | Lair:3   | Found a runed translucent door.
 16069 | Lair:3   | Noticed icckedyourdad's ghost (journeyman SpEE)
 16132 | Lair:3   | Reached skill level 1 in Dodging
 16186 | Lair:3   | Killed icckedyourdad's ghost
 16188 | Lair:3   | Got a sparkling copper ring
 16293 | Lair:3   | Reached skill level 17 in Axes
 16293 | Lair:3   | Received a gift from Okawaru
 16645 | Lair:3   | Identified the ring of Asch {rElec rC- MR+ rCorr Str+6}
                  | (You found it on level 3 of the Lair of Beasts)
 16722 | Lair:4   | Noticed an entropy weaver
 16734 | Lair:4   | Killed an entropy weaver
 16758 | Lair:4   | Found a dark tunnel.
 16770 | Volcano  | Entered a volcano
 17366 | Volcano  | Found a burning altar of Makhleb.
 17671 | Volcano  | Got a jewelled ring mail
 17811 | Lair:4   | Noticed an entropy weaver
 17819 | Lair:4   | Killed an entropy weaver
 17819 | Lair:4   | Received a gift from Okawaru
 17819 | Lair:4   | Reached skill level 5 in Dodging
 18136 | Lair:4   | Received a gift from Okawaru
 18941 | Lair:4   | Identified the +1 ring mail of Good Intentions {Slay+3}
                  | (You found it in a volcano)
 18998 | Lair:5   | Reached XP level 15. HP: 93/94 MP: 23/23
 19590 | Lair:6   | Entered Level 6 of the Lair of Beasts
 19638 | Lair:6   | Received a gift from Okawaru
 19701 | Lair:6   | Reached skill level 18 in Axes
 20553 | Lair:6   | Received a gift from Okawaru
 20935 | Lair:6   | Got a scorched long sword
 21137 | Lair:6   | Found a runed translucent door.
 21137 | Lair:6   | Found a viscous altar of Jiyva.
 21139 | Lair:6   | Noticed an acid blob
 21139 | Lair:6   | Noticed an acid blob
 21159 | Lair:6   | Found a staircase to the Slime Pits.
 21640 | Orc:1    | Entered Level 1 of the Orcish Mines
 21782 | Orc:2    | Entered Level 2 of the Orcish Mines
 21856 | Orc:2    | Found a staircase to the Elven Halls.
 21857 | Orc:2    | Noticed an orc warlord
 21982 | Orc:1    | Killed an orc warlord
 22790 | Orc:2    | Received a gift from Okawaru
 22790 | Orc:2    | Reached XP level 16. HP: 68/103 MP: 22/24
 22793 | Orc:2    | Found Voyg's Food Emporium.
 22793 | Orc:2    | Found Qeof's Distillery.
 22801 | Orc:2    | Found Orchuew's Weapon Shop.
 22801 | Orc:2    | Found Fuku's Antique Weapon Shop.
 22970 | Orc:2    | Identified the cursed +2 long sword of Valiance {holy,
                  | *Slow rPois rC+ Str+7} (You found it on level 6 of the Lair
                  | of Beasts)
 22974 | Orc:2    | Got a pair of faintly humming gloves {god gift}
 22980 | Orc:2    | Identified the -3 pair of gloves of Freedom {Dex+2}
                  | (Okawaru gifted it to you on level 2 of the Orcish Mines)
 23046 | Orc:2    | Bought a potion of haste for 120 gold pieces
 23046 | Orc:2    | Bought a potion of might for 48 gold pieces
 23176 | Elf:1    | Entered Level 1 of the Elven Halls
 23449 | Elf:1    | Reached skill level 10 in Dodging
 23496 | Elf:1    | You fall into a shaft and drop 1 floor!
 24204 | Elf:2    | Received a gift from Okawaru
 24379 | Elf:2    | Found a runed translucent gate.
 24379 | Elf:2    | Found a runed translucent gate.
 24384 | Elf:2    | Found a runed translucent gate.
 24487 | Elf:2    | Found Eroceith's Gadget Shop.
 24487 | Elf:2    | Found Jyel's Jewellery Emporium.
 24488 | Elf:2    | Found Ischee's Gadget Shop.
 24557 | Elf:2    | Found Cetedoy's Assorted Antiques.
 24564 | Elf:2    | Bought a scroll of teleportation for 87 gold pieces
 24564 | Elf:2    | Bought a scroll of identify for 58 gold pieces
 24564 | Elf:2    | Bought a scroll of remove curse for 87 gold pieces
 24564 | Elf:2    | Bought a scorched buckler for 275 gold pieces
 24564 | Elf:2    | Identified the +3 buckler of Death's Door {+Fly rElec
                  | rPois} (You bought it in a shop on level 2 of the Elven
                  | Halls)
 24694 | Elf:2    | Found a runed translucent gate.
 24695 | Elf:2    | Found a runed translucent gate.
 24695 | Elf:2    | Found a runed translucent gate.
 24696 | Elf:2    | Noticed a tentacled monstrosity
 24696 | Elf:2    | Noticed a tentacled monstrosity
 24696 | Elf:2    | Noticed a tentacled monstrosity
 24697 | Elf:2    | Noticed a tentacled monstrosity
 24821 | Elf:2    | Killed a tentacled monstrosity
 24825 | Elf:2    | Killed a tentacled monstrosity
 24827 | Elf:2    | Killed a tentacled monstrosity
 24831 | Elf:2    | Reached skill level 15 in Fighting
 24833 | Elf:2    | Killed a tentacled monstrosity
 24833 | Elf:2    | Reached XP level 17. HP: 35/113 MP: 19/25
 24837 | Elf:2    | Found a runed translucent gate.
 24837 | Elf:2    | Found a runed translucent gate.
 24842 | Elf:2    | Found a runed translucent gate.
 24845 | Elf:2    | Noticed motoroller71's ghost (adept GnFi)
 25108 | Elf:2    | Noticed a deep elf blademaster
 25358 | Elf:2    | Killed motoroller71's ghost
 25413 | Elf:2    | Got a pair of scorched boots
 25471 | Elf:2    | Gained mutation: Scrolls take you a little longer to read.
                  | [mutagenic glow]
 25519 | Elf:2    | Gained mutation: You are clumsy. (Dex -2) [mutagenic glow]
 25579 | Elf:2    | Gained mutation: Scrolls take you longer to read.
                  | [mutagenic glow]
 25631 | Elf:2    | Gained mutation: Your magical capacity is low. (-10% MP)
                  | [mutagenic glow]
 26060 | Elf:2    | Identified the cursed -1 pair of boots "Rudewn" {Dex+5}
                  | (You found it on level 2 of the Elven Halls)
 26466 | D:13     | Received a gift from Okawaru
 26911 | D:14     | Found a gate to the Vaults.
 26911 | D:14     | Noticed Nessos
 26912 | D:14     | Noticed Snorg
 27011 | D:13     | Killed Snorg
 27075 | D:14     | Killed Nessos
 27151 | D:14     | Noticed Louise
 27164 | D:14     | Killed Louise
 27490 | D:14     | Noticed Azrael
 27508 | D:14     | HP: 3/116 [Azrael/damnation (50)]
 27510 | D:14     | Incinerated by Azrael

Levels and vault maps discovered:
D:1:      mrwooster_arrival_arrow, layout_loops_ring, minmay_tetromino_i4
D:2:      layout_basic, led_sif_pool, grunt_temple_overflow_open, first_ration,
          kennysheep_small_spiral, uniq_jessica
D:3:      layout_loops_corners, old_standard_altar, kennysheep_generic_room_2
D:4:      cheibrodos_old_hovel, layout_basic, old_standard_altar,
          minmay_temple_entry_statues_pillars, eino_tiny_chamber
D:5:      layout_basic, grunt_temple_overflow_growth_and_decay,
          gammafunk_temple_overflow_pools, nicolae_ossuary_entry_catacombs
D:6:      layout_loops_cross
D:7:      minmay_s_stair_smasher, layout_gridville, grunt_livestock,
          kb_lookout_dungeons_type
D:8:      layout_loops_ring, nicolae_overflow_crystal_walls,
          grunt_qazlal_sundering, lemuel_crystal_altar
D:9:      layout_basic, david_lair_generic, serial_bayou_pond_d,
          lemuel_centaur_altar, uniq_erolcha, uniq_joseph
D:10:     layout_basic, david_orc_2
D:11:     layout_gridville, maelrawn_ghost_gauntlet_escape
D:12:     layout_gridville, uniq_maurice
D:13:     layout_small_grid, uniq_jorgrun
D:14:     layout_loops_cross, david_vaults_3, chequers_serial_rivers_large_b,
          uniq_louise, uniq_azrael, uniq_snorg
Temple:   jpeg_temple_island
Lair:1:   layout_concentric_octagons, uniq_erica, uniq_gastronok, uniq_grum
Lair:2:   hangedman_what_comes_after_a, layout_misc_corridors,
          minmay_swamp_entry_reptiles, basic_altar, pond
Lair:3:   lemuel_reptile_caves, layout_gridlike, dummy_spider_entry,
          ebering_ghost_inner_flame, chequers_serial_rivers_small_b,
          infiniplex_staircase_pool
Lair:4:   dpeg_oklob_shooting_range, layout_cave_pods,
          nicolae_volcano_entry_lava_flow, minivault_29, grunt_megastairs_3
Lair:5:   layout_regular_city, infiniplex_staircase_pool_2
Lair:6:   minmay_lair_end_frog_pond, layout_hall_layers, slime_altar_2
Orc:1:    layout_caves
Orc:2:    st_orc_elflike, layout_diamond_mine
Elf:1:    eino_elf_arrival_the_gate, layout_geoelf_octagon,
          hangedman_corner_corridor, abandoned_shop
Elf:2:    layout_gridlike, ploomutoo_gammafunk_ghost_potion_laboratory,
          serial_shops, shop_fountains, minmay_shop_grove

Skill      XL: |  1  2  3  4  5  6  7  8  9 10 11 12 13 14 15 16 17 |
---------------+----------------------------------------------------+-----
Axes           | 2 3 4 6 7 9 10 12 14 16 17 18 | 18.2
Fighting       | 4 5 6 8 9 11 12 15 16 | 16.3
Invocations    | 6 10 11 | 11.3
Dodging        | 6 9 11 12 | 12.4
Armour         | |  3.2
Shields        | |  3.2

Action                   |  1- 3 |  4- 6 |  7- 9 | 10-12 | 13-15 | 16-18 || total
-------------------------+-------+-------+-------+-------+-------+-------++-------
Melee: War axe           |    65 |   253 |   307 |   622 |       |       ||  1247
       Broad axe         |       |       |       |   128 |   929 |   433 ||  1490
       Scimitar          |       |       |       |       |    73 |       ||    73
Invok: Heroism           |       |       |       |     9 |     6 |     3 ||    18
       Finesse           |       |       |       |     2 |       |     1 ||     3
  Use: Scroll            |       |     4 |    13 |     8 |    12 |    16 ||    53
       Potion            |       |       |     1 |     6 |     1 |     1 ||     9
  Eat: Chunk             |       |     7 |     8 |    20 |    25 |    13 ||    73
       Ration            |       |       |     1 |     1 |     2 |     1 ||     5
Armor: Scale mail        |    39 |   155 |   116 |   390 |   216 |       ||   916
       Chain mail        |       |       |       |       |   114 |       ||   114
       Ring mail         |       |       |       |       |   141 |   143 ||   284
Dodge: Dodged            |    27 |    65 |    62 |   218 |   304 |   166 ||   842
       Deflected         |       |       |       |       |       |    22 ||    22
Block: Shield            |    43 |   124 |   133 |   389 |   514 |   265 ||  1468
       Reflection        |       |       |       |     8 |     6 |    30 ||    44
       Rpst.: Scimitar   |       |       |       |       |     5 |       ||     5

Table legend:
 A = Non-vault XP
 B = Vault XP
 C = Vault XP percentage of total XP
 D = Non-vault monster count
 E = Vault monster count
 F = Vault count percentage of total count
                 A         B        C        D         E       F
            +---------+---------+-------+---------+---------+-------
      Total |  110660 |  112605 |  50.4 |     549 |     388 |  41.4
            +---------+---------+-------+---------+---------+-------
        D:1 |      39 |       5 |  11.4 |      15 |       3 |  16.7
        D:2 |      43 |      37 |  46.2 |      11 |       1 |   8.3
        D:3 |     113 |      11 |   8.9 |      27 |       3 |  10.0
        D:4 |    1325 |       3 |   0.2 |      23 |       1 |   4.2
        D:5 |     793 |     255 |  24.3 |      30 |       6 |  16.7
        D:6 |     492 |       0 |   0.0 |      10 |       0 |   0.0
        D:7 |     998 |    2498 |  71.5 |      22 |      18 |  45.0
        D:8 |    1562 |     105 |   6.3 |      20 |       1 |   4.8
        D:9 |    3347 |    3112 |  48.2 |      26 |      11 |  29.7
       D:10 |    3993 |      12 |   0.3 |      25 |       4 |  13.8
       D:11 |    1122 |    2222 |  66.4 |       8 |       5 |  38.5
       D:12 |    4309 |     449 |   9.4 |      26 |       1 |   3.7
       D:13 |   10786 |    8783 |  44.9 |      39 |      20 |  33.9
       D:14 |    4872 |    4060 |  45.5 |      21 |       8 |  27.6
     Lair:1 |    4062 |    4059 |  50.0 |      13 |       8 |  38.1
     Lair:2 |    3990 |    8027 |  66.8 |      13 |      63 |  82.9
     Lair:3 |    5835 |    4283 |  42.3 |      20 |      33 |  62.3
     Lair:4 |    7972 |    9022 |  53.1 |      36 |      50 |  58.1
     Lair:5 |    3933 |       0 |   0.0 |      11 |       0 |   0.0
     Lair:6 |   12529 |   13309 |  51.5 |      40 |      50 |  55.6
      Orc:1 |    7594 |       0 |   0.0 |      34 |       0 |   0.0
      Orc:2 |    3204 |    8378 |  72.3 |      30 |      25 |  45.5
      Elf:1 |   17254 |    2318 |  11.8 |      31 |       4 |  11.4
      Elf:2 |   10493 |   36769 |  77.8 |      18 |      40 |  69.0
    Ossuary |       0 |     152 | 100.0 |       0 |      16 | 100.0
    Volcano |       0 |    4736 | 100.0 |       0 |      17 | 100.0
            +---------+---------+-------+---------+---------+-------
